 Dungeon Crawl Stone Soup version 0.17.1-3-g152610e (webtiles) character file.

963 GFox the Nimble (level 7, -2/67 HPs)
             Began as a Minotaur Monk on Mar 29, 2016.
             Slain by Blork the orc
             ... wielding a +7 battleaxe of freezing
              (13 damage)
             ... on level 4 of the Dungeon.
             The game lasted 00:27:46 (3300 turns).

GFox the Nimble (Minotaur Monk)                     Turns: 3300, Time: 00:27:46

Health: -2/67      AC:  7    Str: 18    XL:     7   Next: 92%
Magic:  6/6        EV: 15    Int:  7    God:
Gold:   223        SH:  0    Dex: 14    Spells: 0 memorised, 6 levels left

rFire  . . .     SeeInvis .     n - +2 short sword (flame)
rCold  + . .     Clarity  .     u - +1 ring mail {rC+}
rNeg   . . .     SustAt   .     (no shield)
rPois  .         Gourm    .     (helmet restricted)
rElec  .         Spirit   .     (no cloak)
rCorr  .         Warding  .     (no gloves)
rMut   +         Stasis   .     (no boots)
MR     .....                    f - amulet of resist mutation
Stlth  +.........               (no ring)
                                (no ring)

@: not resistant to hostile enchantments, very unstealthy
A: retaliatory headbutt, horns 2, agile 1
a: no special abilities


You were on level 4 of the Dungeon.
You were not hungry.

You visited 1 branch of the dungeon, and saw 4 of its levels.

You collected 223 gold pieces.

Inventory:

Hand Weapons
 n - a +2 short sword of flaming (weapon)
Armour
 u - a +1 ring mail of cold resistance (worn)
Jewellery
 f - an amulet of resist mutation (around neck)
 j - an uncursed amulet of resist corrosion
Scrolls
 a - 3 scrolls of fog
 i - a scroll of identify
 l - 6 scrolls of teleportation
 m - 2 scrolls of remove curse
Potions
 o - a potion of poison
Books
 h - a book of Cantrips

   Spells                             Type                      Level
   a - Corona                         Hexes                        1
   b - Animate Skeleton               Necromancy                   1
   c - Summon Small Mammal            Summoning                    1
   d - Apportation                    Translocation                1
Comestibles
 b - 2 bread rations
 c - a meat ration
 d - 2 slices of pizza
 g - 3 fruits
 k - a royal jelly
 p - 5 chunks of flesh


   Skills:
 + Level 7.9 Fighting
 + Level 2.3 Short Blades
   Level 5.9 Axes
 + Level 6.6 Armour
 + Level 8.0 Dodging
 + Level 3.0 Stealth
 + Level 5.0 Unarmed Combat


You had 6 spell levels left.
You didn't know any spells.

Dungeon Overview and Level Annotations

Branches:
Dungeon (4/15)
 Temple: D:4-7

Altars:
Trog

Annotations:
D:4 Blork the orc


Innate Abilities, Weirdness & Mutations

You reflexively headbutt those who attack you in melee.
You have a pair of horns on your head.
You are agile. (Dex +2)


Message History

Drink which item? (? for menu, Esc to quit)
Okay, then.
Read which item? (? for menu, Esc to quit)
As you read the scroll labeled MIFUCO EMOCOG, it crumbles to dust.
You assume a fearsome visage.
Blork the orc looks frightened!
It was a scroll of fear.
Blork the orc gestures wildly while chanting.
Blork the orc flickers and vanishes!
Deactivating autopickup; reactivate with Ctrl-A.
You hear some strange, mumbled words.
You barely miss something. You headbutt something.
Unknown command.
Something hits you!
* * * LOW HITPOINT WARNING * * *
Something freezes you.
* * * LOW HITPOINT WARNING * * *
You closely miss something. Something hits you.
* * * LOW HITPOINT WARNING * * *
You swing at nothing.
Something hits you!
You die...

oo.........# .....##
#...### .......####
##..#..
.........#########..P.P
#................#..P♣
#....................♣
##........♣.♣.......#..
#........##........###P
#.....@.♣#♣.♣#♣....# ##
#..................#
#.......♣.♣.♣#♣#...#
#...........# ##.)#
#.........♣.♣## ##)#
#.............## #.#
#..............###.#
#...............##.#
##................#.#


There were no monsters in sight!

Vanquished Creatures
  Grinder (D:4)
  Sigmund (D:4)
  Menkaure (D:4)
  The ghost of strelkan the Sneak, an amateur VSMo of Elyvilon (D:3)
  A giant frog (D:4)
  An orc priest (D:4)
  A giant frog skeleton (D:4)
  A hound (D:4)
  A worker ant (D:4)
  An orc wizard (D:4)
  3 adders
  An ooze (D:2)
  A worm (D:4)
  A giant gecko (D:3)
  10 orcs
  3 bats
  4 giant cockroaches
  10 goblins
  9 hobgoblins
  8 jackals (D:2)
  10 kobolds
  A quokka (D:3)
  2 giant gecko skeletons (D:4)
  6 giant newts
  9 rats
  A bush (D:4)
89 creatures vanquished.

Notes
Turn   | Place    | Note
--------------------------------------------------------------
     0 | D:1      | GFox the Minotaur Monk began the quest for the Orb.
     0 | D:1      | Reached XP level 1. HP: 19/19 MP: 0/0
   296 | D:1      | Reached XP level 2. HP: 27/27 MP: 1/1
  1041 | D:2      | Reached XP level 3. HP: 26/33 MP: 2/2
  1662 | D:2      | Found a bloodstained altar of Trog.
  1717 | D:2      | Reached skill level 7 in Fighting
  1717 | D:2      | Reached skill level 5 in Axes
  1717 | D:2      | Reached XP level 4. HP: 39/47 MP: 3/3
  1915 | D:2      | Gained mutation: You are agile. (Dex +2) [potion of beneficial mutation]
  1941 | D:3      | Found a faded altar to an unknown god.
  1941 | D:3      | Noticed strelkan's ghost (amateur VSMo)
  1949 | D:3      | Killed strelkan's ghost
  1949 | D:3      | Reached skill level 5 in Unarmed Combat
  1949 | D:3      | Reached XP level 5. HP: 48/52 MP: 4/4
  2478 | D:4      | Noticed Sigmund
  2493 | D:4      | Killed Sigmund
  2493 | D:4      | Reached skill level 1 in Short Blades
  2493 | D:4      | Reached XP level 6. HP: 47/61 MP: 5/5
  2669 | D:4      | Noticed Menkaure
  2680 | D:4      | Killed Menkaure
  2680 | D:4      | Reached XP level 7. HP: 4/67 MP: 6/6
  3212 | D:4      | Noticed Grinder
  3232 | D:4      | Killed Grinder
  3289 | D:4      | Noticed Blork the orc
  3294 | D:4      | Reached skill level 8 in Dodging
  3300 | D:4      | Slain by Blork the orc

Action                   |  1- 3 |  4- 6 |  7- 9 || total
-------------------------+-------+-------+-------++-------
Melee: Unarmed           |    26 |       |       ||    26
       Short sword       |    50 |    80 |   105 ||   235
  Use: Scroll            |     6 |     6 |     1 ||    13
       Potion            |     2 |     7 |       ||     9
 Stab: Sleeping          |     5 |       |       ||     5
       Invisible         |       |     4 |       ||     4
  Eat: Chunk             |     2 |     2 |       ||     4
       Fruit             |     1 |       |       ||     1
       Beef jerky        |       |     1 |       ||     1
       Bread ration      |       |       |     1 ||     1
